 Dungeon Crawl Stone Soup version 0.30.1 (webtiles) character file.

Game seed: 4992549446502952361

249 H0rd4k the Charlatan (level 6, 0/66 HPs)
             Began as a Human Artificer on July 6, 2023.
             Succumbed to a scorpion's poison
             ... on level 4 of the Dungeon.
             The game lasted 00:03:16 (2009 turns).

H0rd4k the Charlatan (Human Artificer)              Turns: 2009, Time: 00:03:17

Health: 0/66       AC: 23    Str: 12    XL:     6   Next: 35%
Magic:  6/6        EV:  2    Int: 13    God:
Gold:   107        SH:  0    Dex: 14    Spells: 5/5 levels left

rFire   + . .        t - +10 war axe "Gugge" {pain, rElec rF+}
rCold   . . .        (no shield)
rNeg    . . .        b - melded +0 leather armour
rPois   +            (helmet currently unavailable)
rElec   +            (cloak currently unavailable)
rCorr   .            (gloves currently unavailable)
SInv    .            (boots currently unavailable)
Will    .....        (no amulet)
Stlth   ++           (no ring)
HPRegen 0.31/turn    (no ring)
MPRegen 0.10/turn

%: no passive effects
@: mighty, lethally poisoned (0 -> -6), tree-form, invisible
A: stationary, stasis, torment immunity, boosted hp
a: no special abilities


You were on level 4 of the Dungeon.
You were a tree.
You visited 1 branch of the dungeon, and saw 3 of its levels.

You collected 107 gold pieces.

Inventory:

Hand Weapons
 o - a +0 mace
 t - the +10 war axe "Gugge" (weapon) {pain, rElec rF+}
   (You took it off a gnoll on level 4 of the Dungeon)

   rF:        It protects you from fire.
   rElec:     It insulates you from electricity.
Missiles
 l - 8 poisoned darts
Armour
 b - a +0 leather armour (melded)
Jewellery
 m - a +6 ring of strength
 v - an amulet of faith
Wands
 c - a wand of flame (2) (quivered)
 d - a wand of charming (9)
 e - a wand of iceblast (4)
Scrolls
 g - a scroll of blinking {unknown}
 i - a scroll of fear {unknown}
 k - 3 scrolls of magic mapping {unknown}
 n - a scroll of identify {unknown}
 p - a scroll of amnesia {unknown}
 q - a scroll of vulnerability {unknown}
 r - a scroll of teleportation {unknown}
Potions
 a - a potion of berserk rage {unknown}
 f - a potion of lignification
 j - a potion of invisibility
 s - a potion of brilliance {unknown}
 u - a potion of degeneration {unknown}
 w - a potion of attraction {unknown}


   Skills:
 + Level 2.0 Fighting
 + Level 1.1(2.1) Axes
 - Level 2.8(3.0) Maces & Flails
 - Level 2.0 Armour
 + Level 2.8 Dodging
 + Level 1.7 Stealth
 + Level 4.2 Evocations


You had 5 spell levels left.
You didn't know any spells.
Your spell library contained the following spells:

 Spells                   Type           Power      Damage    Failure   Level
 Sandblast                Erth           0%         2d4       30%         1
 Passwall                 Tmut/Erth      0%         N/A       43%         2
 Portal Projectile        Hex/Tloc       0%         N/A       67%         3
 Stone Arrow              Conj/Erth      0%         3d7       67%         3
 Tukima's Dance           Hex            0%         N/A       67%         3
 Blade Hands              Tmut           0%         N/A       100%        5


Dungeon Overview and Level Annotations

Branches:
Dungeon (2/15)

Altars:

Shops:
D:2 *


Message History

Your Fighting skill increases to level 2!
Your base Axes skill increases to level 1!
Aiming: Charm
Press: ? - help, Shift-Dir - straight line, f - scorpion
Aim: a scorpion (chance to affect: 59%)
The scorpion resists with significant effort.
You feel sick. The scorpion stings you!
* * * LOW HITPOINT WARNING * * *
Unknown command.
Aiming: Charm
Press: ? - help, Shift-Dir - straight line, f/p - scorpion
Aim: a scorpion (chance to affect: 59%)
The scorpion resists with significant effort.
You feel sick. The scorpion stings you.
* * * LOW HITPOINT WARNING * * *
You are lethally poisoned!
The scorpion poisons you!
It was a potion of lignification.
You turn into a tree.
Your +0 leather armour melds into your body.
Your roots penetrate the ground.
* * * LOW HITPOINT WARNING * * *
You feel very sick.
The scorpion stings you but does no damage.
Aiming: Charm
Press: ? - help, Shift-Dir - straight line, f/p - scorpion
Aim: a scorpion (chance to affect: 59%)
The scorpion is charmed.
* * * LOW HITPOINT WARNING * * *
You feel sick.
The orc warrior shoots a bolt.
The bolt hits your scorpion! The iguana bites your scorpion.
Something barely misses your scorpion.
It was a potion of invisibility.
You fade into invisibility!
* * * LOW HITPOINT WARNING * * *
You feel very sick.
The orc warrior unwields a +0 arbalest.
The orc warrior wields a +0 battleaxe.
The orc warrior hits your scorpion with a +0 battleaxe!
Your scorpion dies!
It was a potion of might.
You feel very mighty all of a sudden.
You die...

.........# .........#
.........# ......$..#
.........###.# #
.......ooo..o# #
.......o{# ######
#######l## # .....# #♣#
.# .....# #.# #.. .....#
#.# .. #
################.#.#...#
.......[........÷.......
#.....#######.##.#.#..##
...().#######.##.#.# ..
#.....#.......##.# #
#...###.......####


You could see an orc warrior (unable to see you), an iguana (unable to see you),
an orc wizard (unable to see you) and 2 orcs.

Vanquished Creatures
  A scorpion (D:4)
  An iguana (D:4)
  A gnoll bouda (D:4)
  3 adders
  6 dart slugs
  An orc (D:4)
  4 endoplasms (D:1)
  6 goblins
  5 hobgoblins
  7 jackals
  A quokka (D:1)
  7 ball pythons
  A bat (D:2)
  6 kobolds
  4 rats
54 creatures vanquished.

Vanquished Creatures (collateral kills)
  4 gnolls (D:4)
  A goblin (D:4)
5 creatures vanquished.

Vanquished Creatures (others)
  A scorpion (D:4)
  A gnoll (D:4)
  An adder (D:4)
3 creatures vanquished.

Grand Total: 62 creatures vanquished

Notes
Turn   | Place    | Note
-------+----------+-------------------------------------------
     0 | D:1      | H0rd4k the Human Artificer began the quest for the Orb.
     0 | D:1      | Reached XP level 1. HP: 15/15 MP: 1/1
   130 | D:1      | Reached XP level 2. HP: 15/21 MP: 2/2
   550 | D:1      | Reached skill level 1 in Maces & Flails
   565 | D:1      | Reached XP level 3. HP: 19/26 MP: 3/3
   995 | D:2      | Reached XP level 4. HP: 32/32 MP: 4/4
  1292 | D:2      | Found Inisohol's General Store.
  1338 | D:2      | You fall into a shaft and drop 2 floors!
  1378 | D:4      | Reached XP level 5. HP: 33/38 MP: 5/5
  1455 | D:4      | Reached skill level 4 in Evocations
  1574 | D:4      | Identified the +10 war axe "Gugge" {pain, rElec rF+}
  1883 | D:4      | Reached XP level 6. HP: 44/44 MP: 6/6
  1997 | D:4      | Noticed an orc warrior
  2004 | D:4      | Reached skill level 1 in Axes
  2008 | D:4      | HP: 1/66 [poisoned by a scorpion]
  2009 | D:4      | Succumbed to a scorpion's poison

Illustrated notes

Levels and vault maps discovered:
D:1:      spicycebolla_arrival_clurvy, layout_basic
D:2:      kennysheep_six_static_rooms, layout_basic, serial_shops, shop,
          ebering_ecumenical_altar_webs, item_on_display_a
D:4:      layout_basic, kennysheep_generic_room_16

Skill      XL: |  1  2  3  4  5  6 |
---------------+-------------------+-----
Maces & Flails | 1 2 |  2.8
Evocations     | 4 |  4.2
Dodging        | 2 |  2.8
Fighting       | 2 |  2.0
Axes           | 1 |  1.1
Armour         | |  2.0
Stealth        | |  1.7

Action                     |  1- 3 |  4- 6 || total
---------------------------+-------+-------++-------
  Melee: Club              |   135 |    40 ||   175
         Punch             |     2 |     1 ||     3
         Mace              |       |    29 ||    29
         War axe           |       |    16 ||    16
  Evoke: Wand              |     3 |    17 ||    20
    Use: Potion            |       |     3 ||     3
   Stab: Sleeping          |       |     1 ||     1
 Armour: Leather armour    |    38 |    23 ||    61
         Skin              |       |     1 ||     1
  Dodge: Dodged            |   102 |    59 ||   161
